 Dungeon Crawl Stone Soup version 0.20-a0-673-g53087c7 (webtiles) character file.

4 M4edhros the Charlatan (level 1, -6/13 HPs)
             Began as an Octopode Artificer on Feb 18, 2017.
             Was an Initiate of Fedhas.
             Killed from afar by Natasha (9 damage)
             ... with a magic dart
             ... on level 2 of the Dungeon.
             The game lasted 00:00:26 (345 turns).

M4edhros the Charlatan (Octopode Artificer)          Turns: 345, Time: 00:00:26

Health: -6/13      AC:  1    Str: 11    XL:     1   Next: 60%
Magic:  3/3        EV: 13    Int: 13    God:    Fedhas [......]
Gold:   58         SH:  0    Dex: 12    Spells: 0/0 levels left

rFire    . . .     SeeInvis .   a - +0 short sword
rCold    . . .     Gourm    .   (no shield)
rNeg     . . .     Faith    .   (helmet restricted)
rPois    +         Spirit   .   (no amulet)
rElec    .         Reflect  .   h - ring of poison resistance
rCorr    .         Harm     .   (no ring)
MR       .....                  (no ring)
Stlth    +++.......             (no ring)
Regen    0.1/turn               (no ring)
MPRegen  0.1/turn               (no ring)
                                (no ring)
                                (no ring)

@: no status effects
A: almost no armour, stealthy swim, amphibious, 8 rings, constrict 8, camouflage
1, gelatinous body 1
a: Fungal Bloom, Renounce Religion


You were on level 2 of the Dungeon.
You worshipped Fedhas.
Fedhas was noncommittal.
You were not hungry.

You visited 1 branch of the dungeon, and saw 2 of its levels.

You collected 58 gold pieces.

Inventory:

Hand Weapons
 a - a +0 short sword (weapon)
Missiles
 k - 16 stones (quivered)
 n - 23 sling bullets
Jewellery
 h - a ring of poison resistance (left tentacle)
Wands
 b - a wand of flame (15/48)
 c - a wand of enslavement (13/24)
 d - a wand of random effects (15/48)
Scrolls
 g - a scroll of fear {unknown}
 i - a scroll of identify {unknown}
 l - 2 scrolls of teleportation {unknown}
 m - a scroll of amnesia {unknown}
Potions
 e - a potion of curing {unknown}
 j - a potion of lignification {unknown}
Comestibles
 f - 2 bread rations


   Skills:
 - Level 1.0 Fighting
 - Level 1.0 Short Blades
 - Level 2.0 Dodging
 + Level 2.3 Stealth
 - Level 3.2 Evocations


You couldn't memorise any spells.
You didn't know any spells.

Dungeon Overview and Level Annotations

Branches:
Dungeon (2/15)

Altars:
Fedhas
Makhleb
Vehumet
The Shining One

Annotations:
D:1 1 runed door
D:2 Natasha


Innate Abilities, Weirdness & Mutations

You cannot wear most types of armour.
You are very stealthy in the water. (Stealth+)
You are amphibious.
You can wear up to eight rings at the same time.
You can use your tentacles to constrict eight enemies at once.
Your skin changes colour to match your surroundings (Stealth+).
Your rubbery body absorbs attacks. (AC +1, EV +1)


Message History

You curl up in front of the altar of Fedhas.
Fedhas welcomes you!
The plants of the dungeon cease their hostilities.
You can now turn corpses into toadstools.
A white imp comes into view.
Your white imp disappears in a puff of smoke!
You can't go up here!
Evoke which item? (* to show all) (? for menu, Esc to quit)
Aiming: Enslavement
Press: ? - help, Shift-Dir - straight line, f - white imp
Aim: a white imp (summoned, chance to defeat MR: 64%)
The white imp is charmed.
This wand has 13 charges left.
Your white imp gestures at Natasha.
The puff of frost hits Natasha.
Your white imp closely misses Natasha.
Natasha stares at you and mumbles some strange words.
The magic dart hits you!
Ouch! That really hurt!
You die...
Fedhas appreciates your contribution to the ecosystem.

.#.....#.#
#.#####.# # #.#
#5# #5#########
#.......>..
#5h#######.
#.#####..#
#....@...######
######.........
#8..8######
#...._#
###..###
#.....⌠#
###..###
#....._#
###..###


You could see Natasha.

Vanquished Creatures
  A leopard gecko (D:1)
  A hobgoblin (D:1)
2 creatures vanquished.

Vanquished Creatures (collateral kills)
  A quokka (D:2)
1 creature vanquished.

Grand Total: 3 creatures vanquished

Notes
Turn   | Place    | Note
-------+----------+-------------------------------------------
     0 | D:1      | M4edhros the Octopode Artificer began the quest for the Orb.
     0 | D:1      | Reached XP level 1. HP: 13/13 MP: 3/3
     1 | D:1      | Found a runed door.
   274 | D:2      | Found a burning altar of Makhleb.
   295 | D:2      | Noticed Natasha
   321 | D:2      | Found a radiant altar of Vehumet.
   323 | D:2      | Found a glowing golden altar of the Shining One.
   325 | D:2      | Found a blossoming altar of Fedhas.
   334 | D:2      | Became a worshipper of Fedhas Madash
   344 | D:2      | Noticed a crimson imp
   345 | D:2      | Killed from afar by Natasha

Vault maps used:
D:1:      dpeg_arrival_caged_fury, minmay_misc_feat_alley
D:2:      old_standard_altar, minitemple, uniq_terence, uniq_natasha,
          uniq_sigmund

Skill      XL: |  1 |
---------------+----+-----
Stealth        | 2 |  2.3
Fighting       | |  1.0
Short Blades   | |  1.0
Dodging        | |  2.0
Evocations     | |  3.2

Action                   || total
-------------------------++-------
Melee: Short sword       ||     9
       Constrict         ||     1
       Tentacles         ||     1
Evoke: Wand              ||     2
 Stab: Sleeping          ||     2
Dodge: Dodged            ||     4
